[Event "Early-Titled-Tuesday-Blitz-May-07-2024"]
[Site "Chess.com"]
[Date "2024.05.07"]
[Round "7"]
[White "Pedrada88"]
[Black "GoltsevDmitry2000"]
[Result "1/2-1/2"]
[WhiteElo "2560"]
[BlackElo "2769"]
[TimeControl "180+1"]
[EndTime "9:27:00 PDT"]
[Termination "Game drawn - insufficient material"]

1. Nf3 d5 2. g3 c6 3. Bg2 Nf6 4. O-O g6 5. c4 Bg7 6. d4 O-O 7. Qa4 Nbd7 8. cxd5 Nxd5 9. Nc3 N7b6 10. Qc2 Bg4 11.
Rd1 Rc8 12. h3 Be6 13. e4 Nxc3 14. bxc3 h6 15. a4 Qd7 16. a5 Nc4 17. Qe2 b5 18. axb6 axb6 19. Kh2 b5 20. Bf4 g5 21. Be3 Ra8 22. h4 g4 23. Ne1 Nxe3 24. Qxe3 Qb7 25. Nd3 Bc4 26. Nc5 Qc7 27. e5 e6 28. Qf4 f5 29.
exf6 Qxf4 30. gxf4 Rxa1 31. Rxa1 Rxf6 32. Kg3 h5 33.
Ra8+ Kf7 34. Nd7 Rh6 35. Bxc6 e5 36. Ra7 Kg8 37. d5 exf4+ 38. Kxf4 Bxc3 39. Kg5 Bd2+ 40. Kf5 b4 41. Nf6+ Kf8 42. Ra8+ Ke7 43. Ng8+ Kd6 44. Nxh6 Bxh6 45. Rb8 Bd2 46. Kg6 Kc7 47. Rb7+ Kd6 48. Kxh5 Be2 49. Kg6 Bd3+ 50. Kf7 Be2 51. h5 g3 52.
fxg3 Bxh5+ 53. Kg7 Bd1 54. Kf6 Bc3+ 55. Kf5 Bc2+ 56.
Kf4 Kc5 57. g4 Bd2+ 58. Kf3 Bd1+ 59. Kg3 Be1+ 60. Kf4 Bd2+ 61. Kf5 Bc2+ 62. Ke6 Bd1 63. Kf5 Bc2+ 64. Ke5 Bc3+ 65. Kf4 Bd2+ 66. Kg3 Be1+ 67. Kg2 Bd2 68. Rb8 Bd1 69. Rc8 Kd6 70. Rd8+ Kc5 71. Bd7 b3 72. d6 b2 73. Rb8 Kxd6 74. Rxb2 Bc3 75. Rb1 Bc2 76. Rc1 Be4+ 77. Kf2 Bd4+ 78. Ke2 Be5 79. Rd1+ Ke7 80. Bf5 Bc6 81. Kd3 Kf6 82.
Be4 Ba4 83. Rf1+ Kg7 84. Rf5 Bd6 85. Ra5 Be8 86. Ra7+ Kf6 87. Ra6 Ke5 88. Ra5+ Kf6 89. Rf5+ Ke7 90. Rf2 Bb5+ 91. Kc3 Be5+ 92. Kb4 Bd7 93.
Kc5 Bd6+ 94. Kd5 Be6+ 95. Kd4 Bxg4 96. Rg2 Be6 97. Rg7+ Kf6 98. Rg6+ Kf7 99. Rh6 Ke7 100. Rh7+ Kf6 101. Ra7 Bh2 102. Ra6 Ke7 103. Ra7+ Kf6 104. Ra3 Bg1+ 105. Kd3 Ke5 106. Ra5+ Kf4 107. Ra4 Ke5 108. Ra6 Bh3 109. Ra8 Bf1+ 110. Kd2 Kxe4 111. Ra1 Be3+ 112. Ke1 Bc4 113. Ra4 Kd3 114. Ra3+ Kc2 115. Rxe3 Kb2 116. Kd2 Ba2 117. Re5 Ka1 118. Rb5 Bb1 119. Kc3 Ba2 120. Rb2 Bb1 121. Kb3 Bg6 122. Rd2 Bb1 123. Ka3 Bg6 124. Rd1+ Bb1 125. Rd5 Bh7 126. Rb5 Bb1 127. Rb2 Bg6 128. Kb3 Bb1 129. Kc3 Bg6 130. Rb5 Bb1 131. Ra5+ Ba2 132. Rc5 Bb1 133. Kb3 Ba2+ 134. Ka3 Bb1 135. Rb5 Bg6 136. Rb2 Bb1 137. Rd2 Bg6 138. Kb3 Bb1 139. Kc3 Ba2 140. Kc2 Bb1+ 141. Kc1 Ba2 142. Rb2 Bf7 143. Rb6 Ba2 144. Kc2 Bf7 145. Rc6 Ba2 146. Rb6 Bg8 147. Rb1+ Ka2 148. Rh1 Bb3+ 149. Kc3 Bd5 150. Rd1 Be6 151. Rd6 Bf7 152. Ra6+ Kb1 153. Ra7 Be6 154. Re7 Bg8 155. Re8 Bd5 156. Re2 Bf7 157. Rb2+ Ka1 158. Rg2 Ba2 159. Rg1+ Bb1 160. Rg6 Bxg6 1/2-1/2

[Event "Early-Titled-Tuesday-Blitz-May-07-2024"]
[Site "Chess.com"]
[Date "2024.05.07"]
[Round "8"]
[White "2346PL"]
[Black "CruzWilliam"]
[Result "1-0"]
[WhiteElo "2543"]
[BlackElo "2408"]
[TimeControl "180+1"]
[EndTime "9:28:56 PDT"]
[Termination "2346PL won by resignation"]

1. Nf3 Nf6 2. g3 g6 3. Bg2 Bg7 4. O-O O-O 5. d4 d6 6. b3 Nbd7 7. Bb2 e5 8. dxe5 Ng4 9. Qc1 Ngxe5 10. Nxe5 Bxe5 11. c4 Qf6 12. Bxe5 Nxe5 13. Nc3 c6 14. Qd2 Bf5 15. Rad1 Rad8 16. h3 h5 17. f4 Nd7 18. e4 Be6 19. f5 Qxf5 20. exf5 1-0

[Event "Early-Titled-Tuesday-Blitz-May-07-2024"]
[Site "Chess.com"]
[Date "2024.05.07"]
[Round "8"]
[White "Goffredo_Fofi"]
[Black "GlavkonVVS"]
[Result "0-1"]
[WhiteElo "2522"]
[BlackElo "2673"]
[TimeControl "180+1"]
[EndTime "9:29:43 PDT"]
[Termination "GlavkonVVS won by resignation"]

1. e4 Nf6 2. e5 Nd5 3. c4 Nb6 4. d4 d6 5. exd6 cxd6 6. Nc3 g6 7. h3 Bg7 8. Nf3 O-O 9. Be2 e5 10. d5 N8d7 11. O-O f5 12. Ng5 Nc5 13. b4 Na6 14. Rb1 e4 15. Nb5 Re8 16. Ne6 Bxe6 17.
dxe6 Rxe6 18. c5 dxc5 19. Bc4 Nxc4 0-1

[Event "Early-Titled-Tuesday-Blitz-May-07-2024"]
[Site "Chess.com"]
[Date "2024.05.07"]
[Round "8"]
[White "NMChessToImpress"]
[Black "abelmat"]
[Result "1-0"]
[WhiteElo "2260"]
[BlackElo "2025"]
[TimeControl "180+1"]
[EndTime "9:30:21 PDT"]
[Termination "NMChessToImpress won by resignation"]

1. e4 e6 2. d4 d5 3. e5 c5 4.
c3 Bd7 5. Nf3 Qb6 6. Bd3 cxd4 7.
Nxd4 Bb5 8. Bxb5+ Nc6 9. Qa4 Ne7 10. Be3 O-O-O 11. Nxc6 d4 12. Nxd4 Nd5 13. O-O Nxe3 14.
fxe3 f6 15. Qc4+ Kb8 16. Qxe6 fxe5 17. Qxb6 axb6 18. Ne6 Rc8 19. Bd7 1-0

[Event "Early-Titled-Tuesday-Blitz-May-07-2024"]
[Site "Chess.com"]
[Date "2024.05.07"]
[Round "8"]
[White "DarZay"]
[Black "Happy1712Drummer"]
[Result "0-1"]
[WhiteElo "2349"]
[BlackElo "2521"]
[TimeControl "180+1"]
[EndTime "9:30:43 PDT"]
[Termination "Happy1712Drummer won by checkmate"]

1. e4 c5 2. Nf3 e6 3. d4 cxd4 4.
Nxd4 Nf6 5. Nc3 Nc6 6. Ndb5 Bc5 7.
Nd6+ Ke7 8. Bf4 e5 9. Nxc8+ Rxc8 10. Bg5 Kf8 11. Nd5 Qa5+ 12. Bd2 Bxf2+ 13. Ke2 Nd4+ 14. Kxf2 Nxe4+ 15. Kg1 Nxd2 16. Nc3 Qb6 17. Na4 N4f3# 0-1

[Event "Early-Titled-Tuesday-Blitz-May-07-2024"]
[Site "Chess.com"]
[Date "2024.05.07"]
[Round "8"]
[White "only_strong_moves"]
[Black "chess_blitz00"]
[Result "1-0"]
[WhiteElo "2706"]
[BlackElo "2539"]
[TimeControl "180+1"]
[EndTime "9:30:58 PDT"]
[Termination "only_strong_moves won by checkmate"]

1. Nc3 d6 2. d4 Nf6 3. e4 c6 4. f4 Qa5 5. Bd3 e5 6. Nf3 Nbd7 7. Bd2 Qc7 8. Qe2 Be7 9. O-O-O O-O 10. g4 b5 11. g5 Ne8 12. f5 a6 13. Rhg1 exd4 14.
Nxd4 c5 15. Nd5 Qb7 16. Nxe7+ Kh8 17. g6 Ne5 18. Bg5 f6 19. Qh5 h6 20. Bxh6 Qxe7 21. Bd2+ Kg8 22. Qh7# 1-0

[Event "Early-Titled-Tuesday-Blitz-May-07-2024"]
[Site "Chess.com"]
[Date "2024.05.07"]
[Round "8"]
[White "Supergiuly"]
[Black "campochess"]
[Result "1-0"]
[WhiteElo "2348"]
[BlackElo "2159"]
[TimeControl "180+1"]
[EndTime "9:30:58 PDT"]
[Termination "Supergiuly won by resignation"]

1. g3 c6 2. Bg2 d5 3. Nf3 Nd7 4. O-O e5 5. d3 f5 6. b3 Ngf6 7.
Bb2 Bd6 8. Nbd2 Qe7 9. e4 fxe4 10. dxe4 d4 11. c3 c5 12. cxd4 cxd4 13. Nc4 O-O 14. a4 Bb4 15. Qd3 Nc5 16. Qe2 Bg4 17. Ncxe5 Bxf3 18. Nxf3 Nfxe4 19. Nxd4 Rae8 20. Qc4+ Kh8 21. Qxb4 Qg5 22. Rae1 Qg6 23. Ba3 Nd3 24. Bxe4 Nxb4 25.
Bxg6 Rxe1 26. Rxe1 hxg6 27. Bxb4 Rd8 28. Ne6 Rd3 29. Ng5 Rd8 30. Nf7+ 1-0

[Event "Early-Titled-Tuesday-Blitz-May-07-2024"]
[Site "Chess.com"]
[Date "2024.05.07"]
[Round "8"]
[White "AlexeiShirov"]
[Black "DrVelja"]
[Result "1/2-1/2"]
[WhiteElo "2862"]
[BlackElo "2965"]
[TimeControl "180+1"]
[EndTime "9:31:07 PDT"]
[Termination "Game drawn by agreement"]

1. e4 c5 2. Nf3 Nc6 3. d4 cxd4 4. Nxd4 Nf6 5. Nc3 e5 6. Ndb5 d6 7. Bg5 a6 8. Na3 b5 9. Nd5 Be7 10. Bxf6 Bxf6 11. c3 Bg5 12. Nc2 Rb8 13. a3 O-O 14. g3 a5 15. h4 Bh6 16. Bd3 Be6 17. Nce3 Bxe3 18. Nxe3 Ne7 19. O-O b4 20. axb4 axb4 21. Bc4 bxc3 22. bxc3 Bxc4 23. Nxc4 Qc7 24. Qxd6 Qxc4 25. Qxe7 Qxc3 26. Rac1 Qb4 27. Qxe5 Rfe8 28. Qf4 Qxe4 29. Qxe4 Rxe4 30. Rfe1 Rxe1+ 31. Rxe1 h5 1/2-1/2

[Event "Early-Titled-Tuesday-Blitz-May-07-2024"]
[Site "Chess.com"]
[Date "2024.05.07"]
[Round "8"]
[White "NikitaShnadrygin"]
[Black "betta2004"]
[Result "1-0"]
[WhiteElo "2707"]
[BlackElo "2540"]
[TimeControl "180+1"]
[EndTime "9:31:13 PDT"]
[Termination "NikitaShnadrygin won by checkmate"]

1. e4 e5 2. Nc3 Nf6 3. f4 d5 4. fxe5 Nxe4 5. Qf3 Nxc3 6. bxc3 Be6 7. d4 Be7 8. Bd3 c5 9. Ne2 Nc6 10. O-O Qc7 11. Be3 O-O-O 12. Rab1 g6 13. Nf4 Qa5 14. Nxe6 fxe6 15. Qg4 Qxc3 16. Qxe6+ Kc7 17. Rb3 Qa5 18. Bb5 Rd7 19. Bxc6 bxc6 20. Rfb1 Rhd8 21. Rb7+ Kc8 22. Rb8+ Kc7 23. R1b7# 1-0

[Event "Early-Titled-Tuesday-Blitz-May-07-2024"]
[Site "Chess.com"]
[Date "2024.05.07"]
[Round "8"]
[White "Kyrko_Gamba"]
[Black "edgarhay012"]
[Result "1-0"]
[WhiteElo "2508"]
[BlackElo "2647"]
[TimeControl "180+1"]
[EndTime "9:31:22 PDT"]
[Termination "Kyrko_Gamba won by resignation"]

1. e4 c5 2. Nf3 e6 3. d4 cxd4 4. Nxd4 Nf6 5. Nc3 Nc6 6. Ndb5 Bb4 7. a3 Bxc3+ 8. Nxc3 d5 9. Bd3 O-O 10. O-O Ne5 11. exd5 exd5 12. Bg5 Be6 13. Re1 Nxd3 14.
Qxd3 h6 15. Bh4 Re8 16. Qd4 g5 17. Bg3 Ne4 18. Nxe4 dxe4 19. Qb4 Qd5 20. Rad1 Qc6 21. Be5 Rad8 22. Rxd8 Rxd8 23. Qe7 Qd5 24. Qf6 Kf8 25. Qh8+ Ke7 26. Bf6+ Kd6 1-0

[Event "Early-Titled-Tuesday-Blitz-May-07-2024"]
[Site "Chess.com"]
[Date "2024.05.07"]
[Round "8"]
[White "Sjakkerntobi"]
[Black "H3nriqueTV"]
[Result "1-0"]
[WhiteElo "2550"]
[BlackElo "2431"]
[TimeControl "180+1"]
[EndTime "9:31:26 PDT"]
[Termination "Sjakkerntobi won by resignation"]

1. e4 c5 2. Nf3 b6 3. d4 cxd4 4. Nxd4 Bb7 5. Nc3 a6 6. Bc4 e6 7.
O-O Qc7 8. Bb3 Nf6 9. Re1 Nc6 10. Nxc6 Qxc6 11. Nd5 Bc5 12. Bf4 Nxd5 13. exd5 Qc8 14. Qg4 O-O 15. Bh6 g6 16. dxe6 dxe6 17. Rxe6 Re8 18.
Rxg6+ 1-0

[Event "Early-Titled-Tuesday-Blitz-May-07-2024"]
[Site "Chess.com"]
[Date "2024.05.07"]
[Round "8"]
[White "NovakRatko"]
[Black "Kostina_Nadezhda"]
[Result "0-1"]
[WhiteElo "2404"]
[BlackElo "2294"]
[TimeControl "180+1"]
[EndTime "9:31:36 PDT"]
[Termination "Kostina_Nadezhda won by resignation"]

1. d4 d5 2. c4 dxc4 3. e4 e5 4. Nf3 exd4 5. Bxc4 Bb4+ 6. Nbd2 Nc6 7. Qb3 Qe7 8. O-O Be6 9. Bd5 O-O-O 10. a3 Bc5 11. Qc4 Bb6 12. b4 Nf6 13. Nb3 Nxd5 14. exd5 Bxd5 15.
Qc3 dxc3 0-1

[Event "Early-Titled-Tuesday-Blitz-May-07-2024"]
[Site "Chess.com"]
[Date "2024.05.07"]
[Round "8"]
[White "Alexandr_Kholin"]
[Black "AcostaPablo"]
[Result "0-1"]
[WhiteElo "2496"]
[BlackElo "2634"]
[TimeControl "180+1"]
[EndTime "9:31:49 PDT"]
[Termination "AcostaPablo won by resignation"]

1. d4 Nf6 2. Nf3 c5 3. d5 g6 4. Nc3 Bg7 5. e4 d6 6. h3 O-O 7. Bc4 Na6 8. O-O Nc7 9. Re1 Rb8 10. a4 Nd7 11. Bf4 a6 12. e5 dxe5 13. Nxe5 Nxe5 14.
Bxe5 Bxe5 15. Rxe5 b5 16. axb5 axb5 17. Bf1 Qd6 18.
Qe2 b4 19. Na4 Ba6 20. Qe4 Bxf1 21. Rxf1 Rbd8 22. Rxe7 Nxd5 23. Re5 Nf6 24. Qe3 c4 25. Nb6 c3 26. bxc3 bxc3 27. Nc4 Qd4 28. Qxd4 Rxd4 29.
Rc5 Ne4 30. Ne3 Nxc5 0-1

[Event "Early-Titled-Tuesday-Blitz-May-07-2024"]
[Site "Chess.com"]
[Date "2024.05.07"]
[Round "8"]
[White "aljado"]
[Black "Denisenko_Denis"]
[Result "0-1"]
[WhiteElo "2165"]
[BlackElo "2381"]
[TimeControl "180+1"]
[EndTime "9:31:53 PDT"]
[Termination "Denisenko_Denis won by resignation"]

1. e4 e5 2. Nf3 Nf6 3. Nxe5 Nxe4 4. c4 Nc6 5. Nxc6 dxc6 6. d4 Bb4+ 7. Bd2 Nxd2 8. Nxd2 Qxd4 9. Be2 O-O 10. a3 Qxd2+ 11.
Qxd2 Bxd2+ 12. Kxd2 Bf5 13. Rad1 Rfd8+ 14. Kc3 c5 15.
Rxd8+ Rxd8 16. Rd1 Rxd1 17. Bxd1 Kf8 18. Bf3 b6 19. b4 cxb4+ 20. axb4 Ke7 21. c5 Ke6 22.
Kd4 f6 23. Bd5+ Ke7 24. cxb6 axb6 25. b5 Kd6 26. Bc4 Bd7 27. f4 c5+ 28. bxc6 Bxc6 29. g4 g5 30. fxg5 fxg5 31. Bd3 h6 32. Bf5 Bf3 33.
Ke3 Bg2 34. Kd4 Bf1 35. Be4 Be2 36. Bf5 b5 37. Ke3 Bd1 38. Kd4 Bb3 39. Kc3 Be6 40. Kd4 Bxf5 41. gxf5 Ke7 42. Kc5 Kf6 43. Kxb5 Kxf5 44.
Kc4 Kg4 45. Kd3 Kh3 46. Ke2 Kxh2 47. Kf1 g4 48. Kf2 g3+ 0-1

[Event "Early-Titled-Tuesday-Blitz-May-07-2024"]
[Site "Chess.com"]
[Date "2024.05.07"]
[Round "8"]
[White "Irishchessman16"]
[Black "FREDERICKtheMATE"]
[Result "1-0"]
[WhiteElo "2574"]
[BlackElo "2695"]
[TimeControl "180+1"]
[EndTime "9:31:55 PDT"]
[Termination "Irishchessman16 won by checkmate"]

1. d4 d5 2. Nf3 Nf6 3. e3 Bf5 4. Bd3 Bxd3 5. cxd3 c6 6. O-O e6 7. Nc3 Nbd7 8. e4 dxe4 9. dxe4 Be7 10. Bg5 h6 11. Bh4 O-O 12. Re1 a5 13. Rc1 Re8 14. Qc2 Nb6 15. Rcd1 a4 16. a3 Nfd7 17. Bg3 Bf6 18.
Bd6 Nc4 19. Bf4 Ndb6 20. Bc1 Qc7 21. e5 Be7 22. Re4 Bf8 23. Rg4 Kh8 24. Rd3 Red8 25.
Ng5 g6 26. Rh3 Kg8 27. Nxe6 fxe6 28. Qxg6+ Bg7 29. Rxh6 Qf7 30. Rh8+ Kxh8 31. Qxf7 Rd7 32. Rh4+ Bh6 33. Rxh6# 1-0

[Event "Early-Titled-Tuesday-Blitz-May-07-2024"]
[Site "Chess.com"]
[Date "2024.05.07"]
[Round "8"]
[White "BirdMaster3000"]
[Black "pauliukevicius"]
[Result "0-1"]
[WhiteElo "2602"]
[BlackElo "2455"]
[TimeControl "180+1"]
[EndTime "9:31:58 PDT"]
[Termination "pauliukevicius won by resignation"]

1. f4 d5 2. Nf3 c5 3. e3 Nc6 4. Bb5 Bf5 5. Bxc6+ bxc6 6. O-O e6 7. c4 d4 8. Qa4 Qc7 9. Ne5 Rc8 10. d3 dxe3 11. Bxe3 f6 12. g4 fxe5 13. gxf5 exf5 14. Nc3 Nf6 15.
Rae1 Be7 16. fxe5 Qxe5 17. Bf2 Qd6 18. Qxa7 Kf7 19. Rxe7+ Qxe7 20. Qxe7+ Kxe7 21. Bxc5+ Ke6 22. a4 Rhd8 23. d4 Nd7 24. Re1+ Kf7 25. Bd6 Nb6 26. c5 Nc4 27. Be5 Nxe5 28. Rxe5 Rxd4 29. Rxf5+ Ke6 30.
Rf3 Rb4 31. Re3+ Kf5 32. Kf2 Rxb2+ 33. Kg3 Rb3 0-1

[Event "Early-Titled-Tuesday-Blitz-May-07-2024"]
[Site "Chess.com"]
[Date "2024.05.07"]
[Round "8"]
[White "MaxLeto"]
[Black "KononenkoD"]
[Result "0-1"]
[WhiteElo "2423"]
[BlackElo "2598"]
[TimeControl "180+1"]
[EndTime "9:31:59 PDT"]
[Termination "KononenkoD won on time"]

1. e4 c6 2. Nc3 d5 3. Nf3 Bg4 4. h3 Bxf3 5. Qxf3 e6 6. d3 Bb4 7. Bd2 Ne7 8. O-O-O Nd7 9. Kb1 d4 10. Ne2 Bxd2 11. Rxd2 c5 12. g4 b5 13. Bg2 Qb6 14.
e5 Rb8 15. Qg3 Qa5 16. Rdd1 Rb6 17. f4 Ra6 18. Nc1 Nb6 19. f5 Ned5 20. Bxd5 Nxd5 21. Rdf1 Nc3+ 22. bxc3 dxc3 23. d4 Qa3 0-1

[Event "Early-Titled-Tuesday-Blitz-May-07-2024"]
[Site "Chess.com"]
[Date "2024.05.07"]
[Round "8"]
[White "Kirill_Klukin"]
[Black "twofoxniel"]
[Result "1-0"]
[WhiteElo "2854"]
[BlackElo "2666"]
[TimeControl "180+1"]
[EndTime "9:32:04 PDT"]
[Termination "Kirill_Klukin won by resignation"]

1. e4 d5 2. exd5 Nf6 3. d4 Bg4 4. Nf3 Qxd5 5. Be2 Nc6 6. c4 Qf5 7. Nc3 O-O-O 8. d5 e6 9. Qa4 exd5 10. cxd5 Nxd5 11. Nh4 Qe5 12. Qxg4+ Kb8 13. Nxd5 Rxd5 14. O-O Bc5 15. Bf4 Qe7 16. Bf3 Rd4 17. Nf5 1-0

[Event "Early-Titled-Tuesday-Blitz-May-07-2024"]
[Site "Chess.com"]
[Date "2024.05.07"]
[Round "8"]
[White "milovichalex"]
[Black "VirtualCoach"]
[Result "1-0"]
[WhiteElo "2343"]
[BlackElo "2143"]
[TimeControl "180+1"]
[EndTime "9:32:10 PDT"]
[Termination "milovichalex won by resignation"]

1. e4 c5 2. Nf3 Nc6 3. d4 cxd4 4. Nxd4 Nf6 5. Nc3 e5 6. Ndb5 d6 7. Bg5 a6 8. Bxf6 gxf6 9. Na3 b5 10. Nd5 f5 11. Bxb5 axb5 12. Nxb5 Qa5+ 13. c3 Ra7 14. Nxa7 Qxa7 15. O-O fxe4 16. Nf6+ Kd8 17. Nxe4 Qd7 18. b4 Rg8 19. Nf6 Rxg2+ 20. Kxg2 Qh3+ 21. Kg1 Bb7 22. Qg4 Qxg4+ 23. Nxg4 Be7 24. Ne3 Na7 25. a4 Bf6 26. b5 e4 27. Rac1 d5 28. Nxd5 Bxd5 29. Rfd1 1-0

[Event "Early-Titled-Tuesday-Blitz-May-07-2024"]
[Site "Chess.com"]
[Date "2024.05.07"]
[Round "8"]
[White "kpio91"]
[Black "SirStrateg"]
[Result "1-0"]
[WhiteElo "2873"]
[BlackElo "2697"]
[TimeControl "180+1"]
[EndTime "9:32:14 PDT"]
[Termination "kpio91 won by resignation"]

1. e4 d6 2. d4 Nf6 3. Bd3 e5 4. c3 Nc6 5. Ne2 d5 6. exd5 Nxd5 7. O-O exd4 8. cxd4 Be7 9. Nbc3 O-O 10. a3 Nxc3 11. bxc3 Bg4 12. Qc2 h6 13. Ng3 Bd6 14. Rb1 Rb8 15. h3 Be6 16. f4 Na5 17. c4 c6 18.
Ne4 Be7 19. Bb2 b5 20. f5 Bxc4 21. f6 gxf6 22. d5 Qxd5 23. Nxf6+ Bxf6 24. Bh7+ 1-0

[Event "Early-Titled-Tuesday-Blitz-May-07-2024"]
[Site "Chess.com"]
[Date "2024.05.07"]
[Round "8"]
[White "catalin009"]
[Black "1800_strength"]
[Result "0-1"]
[WhiteElo "2563"]
[BlackElo "2792"]
[TimeControl "180+1"]
[EndTime "9:32:17 PDT"]
[Termination "1800_strength won by resignation"]

1. e4 a5 2. d4 Ra6 3. Bxa6 Nxa6 4. Nf3 b6 5. O-O Bb7 6. Re1 e6 7. c3 g6 8. Bg5 Qa8 9. Nbd2 Bg7 10. Qe2 h6 11. Bf4 Ne7 12. h4 O-O 13. Qe3 Kh7 14. Ne5 Qe8 15. Ng4 f5 16. Nxh6 fxe4 17. Nxe4 Nd5 18. Ng5+ Kxh6 19. Nxe6+ Rxf4 20. Qd2 dxe6 0-1

[Event "Early-Titled-Tuesday-Blitz-May-07-2024"]
[Site "Chess.com"]
[Date "2024.05.07"]
[Round "8"]
[White "Louis-Paulsen-Fan"]
[Black "MathiasWomacka"]
[Result "0-1"]
[WhiteElo "2365"]
[BlackElo "2526"]
[TimeControl "180+1"]
[EndTime "9:32:25 PDT"]
[Termination "MathiasWomacka won by resignation"]

1. d4 Nf6 2. Nf3 e6 3. c4 Bb4+ 4. Bd2 Qe7 5. g3 Bxd2+ 6. Nbxd2 d6 7. Bg2 e5 8. e4 O-O 9. O-O Bg4 10. Qb3 Bxf3 11.
Nxf3 c5 12. d5 Nxe4 13. Rfe1 Nf6 14. Nxe5 dxe5 15. d6 Qxd6 16. Bxb7 Nc6 17. Bxa8 Rxa8 18.
Qf3 Rb8 19. b3 Nd4 20. Qc3 e4 21. Re3 Re8 0-1

[Event "Early-Titled-Tuesday-Blitz-May-07-2024"]
[Site "Chess.com"]
[Date "2024.05.07"]
[Round "8"]
[White "Thebigsqueeze"]
[Black "ilushka"]
[Result "0-1"]
[WhiteElo "2378"]
[BlackElo "2527"]
[TimeControl "180+1"]
[EndTime "9:32:27 PDT"]
[Termination "ilushka won by resignation"]

1. d4 d5 2. Nf3 Nf6 3. g3 c5 4.
Bg2 cxd4 5. O-O h6 6. b3 Nc6 7. Nxd4 e5 8. Nxc6 bxc6 9. c4 Be6 10. Qc2 Rc8 11. Rd1 Bd6 12. e3 O-O 13. Ba3 Bxa3 14. Nxa3 Qe7 15. Qb2 Rfd8 16. Rac1 Bg4 17. Re1 e4 18.
cxd5 cxd5 19. Nc2 Qd7 20. Nd4 Bh3 21. Bh1 h5 22. Rxc8 Rxc8 23. Rc1 h4 24. Rxc8+ Qxc8 25. Qc2 Qg4 26. Qe2 Qxe2 27. Nxe2 Kf8 28. f3 exf3 29.
Bxf3 hxg3 30. hxg3 Ke7 31. Nc3 Kd6 32. Nb5+ Kc5 33. Nxa7 Kb6 34. g4 Kxa7 35. g5 Ne4 36.
g6 fxg6 0-1

[Event "Early-Titled-Tuesday-Blitz-May-07-2024"]
[Site "Chess.com"]
[Date "2024.05.07"]
[Round "8"]
[White "JaackCamel"]
[Black "hsd2016"]
[Result "0-1"]
[WhiteElo "2210"]
[BlackElo "2323"]
[TimeControl "180+1"]
[EndTime "9:32:28 PDT"]
[Termination "hsd2016 won by resignation"]

1. d4 d5 2. c4 c6 3. cxd5 cxd5 4.
Bf4 Bf5 5. Nc3 Nc6 6. Qb3 Nxd4 7.
Qa4+ Nc6 8. Rd1 Nf6 9. e3 e6 10. Nf3 Bd6 11. Bxd6 Qxd6 12. Be2 O-O 13. O-O a6 14. h3 b5 15. Qb3 b4 16. Nb1 Rfc8 17. a3 a5 18. Nbd2 a4 19. Qa2 b3 20. Qa1 Qc5 21.
Rc1 Qb6 22. Nh4 Bc2 23. Nhf3 h6 24. Rfe1 Bh7 25. Rc3 Na5 26. Qc1 Bc2 27. Nd4 Rxc3 28. bxc3 Bh7 29. Qb2 Rc8 30. Rc1 Nc4 31. Bxc4 dxc4 32.
N2f3 Nd5 33. Rd1 Qa5 34. Ne2 Bd3 35. Nfd4 e5 36. Nf3 f6 37. Rd2 Bxe2 38. Rxe2 Qxc3 39. Qb1 Qd3 40. Qe1 c3 41. e4 Nf4 42. Re3 Qc4 43. g3 c2 44. Nd2 Qc6 0-1

[Event "Early-Titled-Tuesday-Blitz-May-07-2024"]
[Site "Chess.com"]
[Date "2024.05.07"]
[Round "8"]
[White "slorovel"]
[Black "average_trans"]
[Result "1-0"]
[WhiteElo "2524"]
[BlackElo "2347"]
[TimeControl "180+1"]
[EndTime "9:32:31 PDT"]
[Termination "slorovel won by checkmate"]

1. e4 d5 2. exd5 Qxd5 3. Nc3 Qa5 4. Nf3 Nf6 5. d4 Bf5 6. Bd3 Bxd3 7. Qxd3 e6 8. O-O c6 9. Ne4 Nxe4 10. Qxe4 Bd6 11. c4 Nd7 12. Rd1 O-O-O 13. Bd2 Qh5 14. b4 Rhg8 15. b5 cxb5 16. cxb5 g5 17. Ba5 g4 18.
Ne5 f6 19. Rac1+ Kb8 20. Bxd8 fxe5 21. dxe5 Bxe5 22. Rxd7 Qxh2+ 23. Kf1 Qh1+ 24. Ke2 Qxc1 25. Qxb7# 1-0

[Event "Early-Titled-Tuesday-Blitz-May-07-2024"]
[Site "Chess.com"]
[Date "2024.05.07"]
[Round "8"]
[White "PawnEatingZombie"]
[Black "Daaksboy"]
[Result "0-1"]
[WhiteElo "2229"]
[BlackElo "2489"]
[TimeControl "180+1"]
[EndTime "9:32:34 PDT"]
[Termination "Daaksboy won on time"]

1. e4 c5 2. c3 Nf6 3. e5 Nd5 4. Nf3 d6 5. Bb5+ Bd7 6. Bc4 e6 7. d4 cxd4 8. cxd4 Nc6 9. O-O dxe5 10. dxe5 Nb6 11. Bd3 Be7 12. a3 Qc7 13. Qe2 O-O-O 14. Nc3 a6 15. Bf4 h6 16. Rfc1 g5 17. Bg3 g4 18. Ne1 Nd4 19. Qd1 Bc6 20. Ne4 Kb8 21. Nd6 h5 22. Bxa6 Nf5 23. Bxb7 Qxb7 24. Nxb7 Rxd1 25.
Rxd1 Kxb7 26. Nc2 Ba4 27. Rdc1 Bg5 28. Ne3 Nxe3 29. fxe3 Bxe3+ 30. Bf2 Bxc1 31. Rxc1 Nd5 0-1

[Event "Early-Titled-Tuesday-Blitz-May-07-2024"]
[Site "Chess.com"]
[Date "2024.05.07"]
[Round "8"]
[White "Chernov_Alexander_A"]
[Black "maurovargas01"]
[Result "1-0"]
[WhiteElo "2253"]
[BlackElo "1965"]
[TimeControl "180+1"]
[EndTime "9:32:41 PDT"]
[Termination "Chernov_Alexander_A won by resignation"]

1. d4 Nf6 2. Nf3 c6 3. Bg5 d6 4. Nc3 Bg4 5. e4 h6 6. Be3 Nbd7 7. Be2 g5 8. Nd2 Bxe2 9. Qxe2 Bg7 10. Nf1 b5 11. f3 a6 12. g4 e6 13. Ng3 d5 14.
e5 Ng8 15. f4 gxf4 16. Bxf4 Ne7 17. Nh5 Rg8 18. O-O-O Bf8 19. Qf3 Ng6 20. Be3 Qa5 21.
Rhf1 O-O-O 22. Kb1 b4 23. Ne2 Nb6 24. b3 Rd7 25.
Nf6 Na4 26. bxa4 Qxa4 27. Nxd7 b3 28. cxb3 1-0

[Event "Early-Titled-Tuesday-Blitz-May-07-2024"]
[Site "Chess.com"]
[Date "2024.05.07"]
[Round "8"]
[White "Nemegejas"]
[Black "kleinebeer98"]
[Result "0-1"]
[WhiteElo "2823"]
[BlackElo "2947"]
[TimeControl "180+1"]
[EndTime "9:32:49 PDT"]
[Termination "kleinebeer98 won by resignation"]

1. d4 Nf6 2. c4 a6 3. Nc3 b5 4.
cxb5 axb5 5. Nxb5 e5 6. Nf3 exd4 7. Nbxd4 c5 8. Nc2 d5 9. Bg5 Be6 10. e3 Nc6 11. Be2 Be7 12. O-O O-O 13. Nce1 h6 14. Bh4 Ne4 15. Bxe7 Qxe7 16. Nd3 Rfb8 17. Qc1 Bf5 18. Rd1 Qf6 19. Nxc5 Rxb2 20. Re1 Nxc5 21. Qxc5 Rxe2 22. Rxe2 Qxa1+ 23. Re1 Qf6 24. Qxd5 Rd8 25. Qc5 Be4 26. a4 Bxf3 27. gxf3 Ne5 0-1

[Event "Early-Titled-Tuesday-Blitz-May-07-2024"]
[Site "Chess.com"]
[Date "2024.05.07"]
[Round "8"]
[White "mapleaff"]
[Black "RantomOpening"]
[Result "1-0"]
[WhiteElo "2285"]
[BlackElo "2495"]
[TimeControl "180+1"]
[EndTime "9:32:54 PDT"]
[Termination "mapleaff won by checkmate"]

1. e4 c5 2. Nf3 e6 3. g3 Nc6 4.
Bg2 Nf6 5. Qe2 Be7 6. O-O d5 7. exd5 exd5 8. d4 Bg4 9. dxc5 O-O 10. h3 Nd4 11. Qd3 Nxf3+ 12. Bxf3 Bxh3 13. Rd1 Bxc5 14. Bg5 Qb6 15. Bxf6 Qxf6 16. Nc3 Rad8 17. b4 Bb6 18. Nxd5 Qg5 19. Bg2 Bxg2 20. Kxg2 h5 21. c4 h4 22. Rh1 Qg6 23. Ne7+ Kh7 24. Rxh4# 1-0

[Event "Early-Titled-Tuesday-Blitz-May-07-2024"]
[Site "Chess.com"]
[Date "2024.05.07"]
[Round "8"]
[White "mortngabriel"]
[Black "Senn71"]
[Result "1-0"]
[WhiteElo "2503"]
[BlackElo "2243"]
[TimeControl "180+1"]
[EndTime "9:32:56 PDT"]
[Termination "mortngabriel won by resignation"]

1. e4 c5 2. Nf3 e6 3. d4 cxd4 4. Nxd4 Nc6 5. Nc3 Qc7 6. Nxc6 bxc6 7. Bd3 d5 8. Qe2 Nf6 9. O-O Be7 10. b3 O-O 11. Bb2 a5 12. a4 Nd7 13. exd5 cxd5 14.
Nxd5 exd5 15. Qxe7 Bb7 16. Qh4 f5 17. Qg5 g6 18. Rfe1 Rf7 19. Re7 Raf8 20. Rae1 Qd6 21.
Bxf5 Bc8 22. Be6 1-0